 Dungeon Crawl Stone Soup version 0.29.1-1-gd02db6906a (webtiles) character file.

Game seed: 7988445341388881226

108 LabCoat the Chopper (level 4, -7/40 HPs)
             Began as a Hill Orc Fighter on Sept 30, 2022.
             Killed by nerve-wracking pain
             ... invoked by an orc priest
              (14 damage)
             ... on level 4 of the Dungeon.
             The game lasted 00:06:05 (2964 turns).

LabCoat the Chopper (Hill Orc Fighter)              Turns: 2964, Time: 00:06:06

Health: -7/40      AC: 15    Str: 20    XL:     4   Next: 87%
Magic:  4/4        EV:  7    Int:  8    God:
Gold:   201        SH:  4    Dex: 10    Spells: 3/3 levels left

rFire   + . .      SeeInvis .   a - +0 war axe
rCold   . . .      Faith    .   c - +0 buckler
rNeg    . . .      Spirit   .   o - +1 chain mail {Will+}
rPois   .          Reflect  .   j - +0 helmet
rElec   .          Harm     .   (no cloak)
rCorr   .          Rampage  .   (no gloves)
Will    +....                   (no boots)
Stlth   ..........              (no amulet)
HPRegen 0.13/turn               g - ring of protection from fire
MPRegen 0.09/turn               n - +4 ring of protection

@: flying
A: no striking features
a: Convert to Beogh


You were on level 4 of the Dungeon.
You visited 1 branch of the dungeon, and saw 4 of its levels.

You collected 201 gold pieces.

Inventory:

Hand Weapons
 a - a +0 war axe (weapon)
Armour
 c - a +0 buckler (worn)
 j - a +0 helmet (worn)
 o - a +1 chain mail of willpower (worn)
Jewellery
 g - a ring of protection from fire (left hand)
 n - a +4 ring of protection (right hand)
Scrolls
 e - 2 scrolls of poison
 h - a scroll of teleportation
 k - a scroll of fear {unknown}
 l - a scroll of enchant weapon {unknown}
 m - a scroll of vulnerability {unknown}
Potions
 b - a potion of haste {unknown}
 d - a potion of curing {unknown}
 f - a potion of resistance {unknown}
 i - a potion of flight


   Skills:
 + Level 4.1 Fighting
 * Level 4.3 Axes
 + Level 1.0 Throwing
 + Level 3.7 Armour
 + Level 3.7 Shields
 + Level 1.2 Evocations


You had 3 spell levels left.
You didn't know any spells.
Your spell library contained the following spells:

 Spells                   Type           Power      Damage    Failure   Level
 Foxfire                  Conj/Fire      0%         2x1d4     99%         1
 Sublimation of Blood     Necr           0%         N/A       100%        2
 Conjure Flame            Conj/Fire      0%         6-21      100%        3
 Ignite Poison            Fire/Tmut/Pois 0%         N/A       100%        3
 Inner Flame              Hex/Fire       0%         N/A       100%        3
 Mephitic Cloud           Conj/Pois/Air  0%         N/A       100%        3
 Flame Wave               Conj/Fire      0%         2d4       100%        4
 Petrify                  Tmut/Erth      0%         N/A       100%        4
 Freezing Cloud           Conj/Ice/Air   0%         6-21      100%        5
 Irradiate                Conj/Tmut      0%         3d11      100%        5


Dungeon Overview and Level Annotations

Branches:
Dungeon (4/15)
 Temple: D:4-7

Altars:
Gozag

Shops:
D:1 *


Message History

An orc priest comes into view. It is wielding a +0 hand axe.
You barely miss the orc.
The orc priest shouts!
You block the orc's attack.
You slash the orc!
You kill the orc!
You hit the orc.
You kill the orc!
The orc priest hits you with a +0 hand axe.
You barely miss the orc priest.
The orc priest calls down the wrath of Beogh upon you.
Beogh smites you!
You hit the orc priest.
The orc priest is moderately wounded.
The orc priest mumbles some strange prayers to Beogh against you.
Beogh smites you!
You are too injured to fight recklessly!
It was a potion of flight.
You feel very buoyant.
You fly up into the air.
The orc priest hits you but does no damage.
You hit the orc priest but do no damage.
The orc priest is moderately wounded.
The orc priest hits you but does no damage.
You closely miss the orc priest.
The orc priest is moderately wounded.
The orc priest hits you but does no damage.
The orc priest calls down the wrath of Beogh upon you.
Beogh smites you!
* * * LOW HITPOINT WARNING * * *
Okay, then.
The orc priest attacks as you move away!
The orc priest hits you but does no damage.
The orc priest invokes the aid of Beogh against you.
You resist with some effort.
The orc priest looks encouraged for a moment.
You see here a +0 scale mail.
The orc priest invokes the aid of Beogh against you.
Pain shoots through your body!
You die... ####.# ....# ..o# Wo#

#o#
#.#
#.#
#[#
#@#
#.#
#.#
#.#
..#
#.#
...
#.#


You could see a phantom, an orc priest and 2 orcs.

Vanquished Creatures
  An orc priest (D:3)
  Robin (D:2)
  An adder (D:3)
  A dart slug (D:2)
  6 orcs
  3 ball pythons
  2 endoplasms (D:1)
  A giant cockroach (D:3)
  13 goblins
  4 hobgoblins
  2 kobolds (D:2)
  A quokka (D:1)
  6 bats
  5 frilled lizards
  4 rats
51 creatures vanquished.

Notes
Turn   | Place    | Note
-------+----------+-------------------------------------------
     0 | D:1      | LabCoat the Hill Orc Fighter began the quest for the Orb.
     0 | D:1      | Reached XP level 1. HP: 19/19 MP: 1/1
    15 | D:1      | Found Oxzojiudoe's General Store.
   121 | D:1      | Found a faded altar of an unknown god.
   280 | D:1      | Reached XP level 2. HP: 27/27 MP: 2/2
  1108 | D:2      | Noticed Robin
  1118 | D:2      | Reached XP level 3. HP: 7/33 MP: 3/3
  1120 | D:2      | Killed Robin
  1949 | D:3      | Identified the +8 short sword of Irksome Cruel Justice
                  | {freeze, Int+2}
  2013 | D:3      | Reached skill level 1 in Evocations
  2013 | D:3      | Reached XP level 4. HP: 40/40 MP: 4/4
  2707 | D:3      | Found an opulent altar of Gozag.
  2720 | D:3      | Reached skill level 1 in Throwing
  2950 | D:4      | Noticed a phantom
  2964 | D:4      | Killed from afar by an orc priest

Illustrated notes

Levels and vault maps discovered:
D:1:      minmay_arrival_radiant_lines, layout_loops_corners,
          hellmonk_ecumenical_altar_arch_garden, serial_shops,
          nicolae_shop_stone, minmay_pentomino_x4
D:2:      layout_basic, kennysheep_generic_room_16, uniq_robin
D:3:      layout_basic, grunt_gozag_statues, grunt_ministairs_15,
          chequers_serial_rivers_small_a, skrybe_limestone_x
D:4:      layout_basic, minmay_temple_entry_sparse_star,
          nicolae_ossuary_entry_giza, dreamdust_wishing_well,
          minmay_misc_feat_more_columns, kennysheep_pointless_box

Skill      XL: |  1  2  3  4 |
---------------+-------------+-----
Axes           | 3 4 |  4.3
Fighting       | 4 |  4.1
Evocations     | 1 |  1.2
Throwing       | 1 |  1.0
Armour         | |  3.7
Shields        | |  3.7

Action                   |  1- 3 |  4- 6 || total
-------------------------+-------+-------++-------
Melee: War axe           |    64 |    33 ||    97
  Use: Scroll            |     3 |     1 ||     4
       Potion            |     1 |     2 ||     3
Armor: Scale mail        |    45 |     1 ||    46
       Chain mail        |       |    10 ||    10
Dodge: Dodged            |    35 |    10 ||    45
Block: Buckler           |    19 |     5 ||    24
